[Event "Czech-ch U18-20 Open 2022"]
[Site "Spindleruv Mlyn"]
[Date "2022.03.17"]
[Round "9.3"]
[White "Lajbl, Jan"]
[Black "Vojta, Jakub"]
[Result "1/2-1/2"]
[ECO "C05"]
[WhiteElo "2218"]
[BlackElo "2406"]
[Annotator "ChessBase"]
[PlyCount "79"]
[EventDate "2022.03.10"]
[EventType "tourn"]
[EventCountry "CZE"]
[SourceTitle "playchess.com"]
[Source "ChessBase"]
[SourceQuality "1"]
[TimeControl "40/5400+30:1800+30"]

1. e4 e6 2. d4 d5 3. Nd2 Nf6 4. e5 Nfd7 5. c3 c5 6. f4 Nc6 7. Ndf3 Qb6 8. a3 cxd4 9. cxd4 a5 10. b3 Be7 11. h4 f5 12. h5 O-O 13. Bb2 Ndb8 14. Bd3 Na6 15. Nh3 Nc7 16. a4 Nb4 17. Be2 Bd7 18. O-O Rac8 19. Qd2 Nca6 20. Rac1 Rc6 21. Rxc6 bxc6 22. Bc3 Rc8 23. Rc1 c5 24. Kh2 h6 25. dxc5 Bxc5 26. Nd4 Kh8 27. Ng1 Nb8 28. Ngf3 N8c6 29. Bb5 Bxd4 30. Bxd4 Nxd4 31. Qxd4 Qxd4 32. Rxc8+ Bxc8 33. Nxd4 Kg8 34. g4 fxg4 35. Kg3 Kf7 36. Kxg4 Ke7 37. Kf3 Kf7 38. Kg4 Ke7 39. Kf3 Kf7 40. Kg4 1/2-1/2

[Event "Czech-ch U18-20 Open 2022"]
[Site "Spindleruv Mlyn"]
[Date "2022.03.17"]
[Round "9.4"]
[White "Stalmach, Richard"]
[Black "Mladek, Richard"]
[Result "0-1"]
[ECO "D31"]
[WhiteElo "2302"]
[BlackElo "2374"]
[Annotator "ChessBase"]
[PlyCount "86"]
[EventDate "2022.03.10"]
[EventType "tourn"]
[EventCountry "CZE"]
[SourceTitle "playchess.com"]
[Source "ChessBase"]
[SourceQuality "1"]
[TimeControl "40/5400+30:1800+30"]

1. d4 d5 2. c4 e6 3. Nc3 a6 4. cxd5 exd5 5. Qb3 Bd6 6. Qxd5 Nf6 7. Qb3 c5 8. dxc5 Bxc5 9. e3 Nc6 10. Be2 Be6 11. Qd1 Qc7 12. Nf3 Rd8 13. Bd2 O-O 14. O-O Ba7 15. Rc1 Bb8 16. g3 Bg4 17. Ng5 Bf5 18. Nf3 Qe7 19. Qa4 Ne5 20. Nd4 Bh3 21. Rfd1 Rd6 22. Be1 b5 23. Qc2 Qb7 24. f3 Rc8 25. Qb1 Rxd4 26. Ne4 Rxc1 27. Rxd4 Rc8 28. Nxf6+ gxf6 29. Rh4 h5 30. Rxh5 Be6 31. Qh7+ Kf8 32. Bb4+ Ke8 33. Qh8+ Kd7 34. Qxf6 Rc1+ 35. Kf2 Qd5 36. Rh8 Nc6 37. Ba5 Bc7 38. Bc3 Bb6 39. a3 Rc2 40. Kf1 Bxe3 41. h3 Qc4 42. Bxc4 Bxc4+ 43. Ke1 Rc1# 0-1

[Event "Czech-ch U18-20 Open 2022"]
[Site "Spindleruv Mlyn"]
[Date "2022.03.17"]
[Round "9.5"]
[White "Kusa, Jakub"]
[Black "Ocelak, Jakub"]
[Result "1-0"]
[ECO "E19"]
[WhiteElo "2298"]
[BlackElo "2053"]
[Annotator "ChessBase"]
[PlyCount "39"]
[EventDate "2022.03.10"]
[EventType "tourn"]
[EventCountry "CZE"]
[SourceTitle "playchess.com"]
[Source "ChessBase"]
[SourceQuality "1"]
[TimeControl "40/5400+30:1800+30"]

1. d4 Nf6 2. Nf3 b6 3. c4 e6 4. g3 Bb7 5. Bg2 Be7 6. O-O O-O 7. Nc3 Ne4 8. Qc2 Nxc3 9. bxc3 f5 10. d5 Na6 11. Nd4 Nc5 12. Ba3 Qc8 13. Rad1 g6 14. e4 Re8 15. e5 Bf8 16. Rfe1 a6 17. Re2 b5 18. Bxc5 Bxc5 19. dxe6 dxe6 20. Nc6 1-0

[Event "Czech-ch U18-20 Open 2022"]
[Site "Spindleruv Mlyn"]
[Date "2022.03.17"]
[Round "9.6"]
[White "Hlavina, Matous"]
[Black "Frank, Adam"]
[Result "0-1"]
[ECO "A49"]
[WhiteElo "2112"]
[BlackElo "2270"]
[Annotator "ChessBase"]
[PlyCount "106"]
[EventDate "2022.03.10"]
[EventType "tourn"]
[EventCountry "CZE"]
[SourceTitle "playchess.com"]
[Source "ChessBase"]
[SourceQuality "1"]
[TimeControl "40/5400+30:1800+30"]

1. Nf3 g6 2. g3 Bg7 3. d4 Nf6 4. Bg2 O-O 5. b3 c5 6. Bb2 cxd4 7. Nxd4 e5 8. Nb5 Qa5+ 9. N5c3 d5 10. O-O e4 11. e3 Ng4 12. Qc1 Nc6 13. Ne2 Nge5 14. Nd4 Bg4 15. h3 Nxd4 16. Bxd4 Nf3+ 17. Bxf3 Bxd4 18. exd4 Bxf3 19. Nd2 Be2 20. Re1 Bb5 21. c4 Rac8 22. Qd1 Bd7 23. Kh2 f5 24. f4 Qc3 25. Nf1 dxc4 26. Rc1 Qb4 27. Ne3 cxb3 28. Qxb3+ Qxb3 29. axb3 Kf7 30. Kg2 Rfd8 31. Nc4 Ke6 32. Kf2 Bc6 33. Ke3 Bd5 34. Nd2 a5 35. g4 b5 36. gxf5+ gxf5 37. Rg1 a4 38. bxa4 bxa4 39. Nb1 Rg8 40. Kd2 Rxc1 41. Rxc1 Rg3 42. Rc3 Rg2+ 43. Kc1 Rf2 44. Ra3 Bb3 45. Nd2 Kd5 46. Nxb3 axb3 47. Rxb3 Rxf4 48. Rb7 Rh4 49. Rb5+ Kxd4 50. Rxf5 Rxh3 51. Rf8 Kd3 52. Rd8+ Ke2 53. Kc2 e3 0-1

[Event "Czech-ch U18-20 Open 2022"]
[Site "Spindleruv Mlyn"]
[Date "2022.03.18"]
[Round "10.1"]
[White "Mica, Marek"]
[Black "Frank, Adam"]
[Result "1/2-1/2"]
[ECO "E65"]
[WhiteElo "2272"]
[BlackElo "2270"]
[Annotator "ChessBase"]
[PlyCount "26"]
[EventDate "2022.03.10"]
[EventType "tourn"]
[EventCountry "CZE"]
[SourceTitle "playchess.com"]
[Source "ChessBase"]
[SourceQuality "1"]
[TimeControl "40/5400+30:1800+30"]

1. Nf3 g6 2. c4 Bg7 3. g3 Nf6 4. Bg2 O-O 5. d4 d6 6. O-O c5 7. Nc3 Nc6 8. dxc5 dxc5 9. Be3 Qa5 10. Bd2 Qd8 11. Be3 Qa5 12. Bd2 Qd8 13. Be3 Qa5 1/2-1/2

[Event "Czech-ch U18-20 Open 2022"]
[Site "Spindleruv Mlyn"]
[Date "2022.03.18"]
[Round "10.2"]
[White "Ocelak, Jakub"]
[Black "Hlavina, Matous"]
[Result "0-1"]
[ECO "A64"]
[WhiteElo "2053"]
[BlackElo "2112"]
[Annotator "NA"]
[PlyCount "173"]
[EventDate "2022.03.10"]
[EventType "tourn"]
[EventCountry "CZE"]
[SourceTitle "playchess.com"]
[Source "ChessBase"]
[SourceQuality "1"]
[TimeControl "40/5400+30:1800+30"]

1. d4 Nf6 2. c4 c5 3. d5 e6 4. g3 exd5 5. cxd5 d6 6. Bg2 g6 7. Nc3 Bg7 8. Nf3 O-O 9. O-O a6 10. a4 Re8 11. Nd2 Nbd7 12. Nc4 Ne5 13. Nxe5 Rxe5 14. e4 Re8 15. h3 Qc7 16. Re1 Nd7 17. f4 Rb8 18. e5 b5 19. axb5 axb5 20. Kh2 Qb6 21. e6 Nf6 22. f5 gxf5 $11 23. Bg5 Qc7 24. Bxf6 Bxf6 25. Qh5 Kg7 26. Qxf5 Qe7 27. Be4 fxe6 28. Qxh7+ Kf8 29. Qg6 Qg7 30. Rf1 Ke7 31. dxe6 Qxg6 32. Bxg6 Bxc3 33. bxc3 Rf8 34. Ra7+ Rb7 35. Rxf8 Kxf8 36. e7+ Kxe7 37. Ra8 Be6 38. h4 Kf6 39. h5 b4 40. cxb4 cxb4 41. Bb1 Kg5 42. Ra6 Rd7 43. Rb6 b3 44. Bd3 Kxh5 45. Be2+ Kg5 46. Bd1 Bd5 47. Bxb3 Be4 48. Kg1 d5 49. Bxd5 Rxd5 50. Kf2 Bf5 51. Rb8 Rd2+ 52. Ke3 Rd3+ 53. Ke2 Rxg3 54. Rg8+ Bg6 55. Kd2 Kf4 56. Rf8+ Bf5 57. Rf7 Ke5 58. Rf8 Be4 59. Re8+ Kd4 60. Rd8+ Bd5 61. Re8 Rg7 62. Rd8 Rg2+ 63. Kc1 Kc4 64. Rc8+ Kb3 65. Rh8 Be4 66. Rb8+ Kc3 67. Rc8+ Kd3 68. Rd8+ Ke3 69. Rh8 Rc2+ 70. Kd1 Rc3 71. Re8 Rb3 72. Rc8 Rb1+ 73. Rc1 Rb2 74. Rc7 Rb8 75. Rc5 Bd3 76. Re5+ Kd4 77. Re7 Kc3 78. Rc7+ Bc4 79. Kc1 Rf8 80. Rd7 Rf2 81. Rd8 Rh2 82. Rd7 Rc2+ 83. Kd1 Ra2 84. Ke1 Re2+ 85. Kd1 Re6 86. Rc7 Rf6 87. Re7 0-1

[Event "Czech-ch U18-20 Open 2022"]
[Site "Spindleruv Mlyn"]
[Date "2022.03.18"]
[Round "10.5"]
[White "Svanda, Ondrej"]
[Black "Lajbl, Jan"]
[Result "1-0"]
[ECO "D00"]
[WhiteElo "2303"]
[BlackElo "2218"]
[Annotator "ChessBase"]
[PlyCount "87"]
[EventDate "2022.03.10"]
[EventType "tourn"]
[EventCountry "CZE"]
[SourceTitle "playchess.com"]
[Source "ChessBase"]
[SourceQuality "1"]
[TimeControl "40/5400+30:1800+30"]

1. d4 d5 2. Nc3 Nf6 3. Bf4 Bf5 4. e3 e6 5. Nb5 Na6 6. Nf3 c6 7. Nc3 Qb6 8. Bxa6 Qxa6 9. Ne5 Bb4 10. f3 Nh5 11. g4 Nxf4 12. gxf5 Nh5 13. fxe6 fxe6 14. Qd3 Qxd3 15. cxd3 Bd6 16. f4 Bxe5 17. dxe5 d4 18. exd4 Nxf4 19. Kd2 Rd8 20. Ne4 Rxd4 21. Ke3 Rxd3+ 22. Kxf4 O-O+ 23. Kg4 Rd4 24. Rhe1 Rf2 25. Rad1 Rxd1 26. Rxd1 Rxb2 27. Ng5 Rb4+ 28. Kg3 Kf8 29. Rd7 Rb5 30. Nxh7+ Ke8 31. Rxg7 Rxe5 32. Nf6+ Kf8 33. Rxb7 Rg5+ 34. Ng4 Ra5 35. h4 Rxa2 36. h5 Ra3+ 37. Kh4 Rf3 38. Kg5 Rf7 39. Rxf7+ Kxf7 40. h6 a5 41. Ne5+ Kg8 42. Kg6 a4 43. h7+ Kh8 44. Nf7# 1-0